 Dungeon Crawl Stone Soup version 0.30-a0-1066-g63dfefce0d (webtiles) character file.

Game seed: 9248764253851825762

112 jimonade the Grasshopper (level 4, -3/29 HPs)
             Began as an Octopode Warper on Apr 12, 2023.
             Slain by an orc
             ... wielding a +0 whip
              (5 damage)
             ... on level 4 of the Dungeon.
             The game lasted 00:04:36 (2557 turns).

jimonade the Grasshopper (Octopode Warper)          Turns: 2557, Time: 00:04:37

Health: -3/29      AC:  1    Str: 12    XL:     4   Next: 93%
Magic:  0/7        EV: 13    Int: 15    God:
Gold:   168        SH:  0    Dex:  8    Spells: 3/7 levels left

rFire   . . .      SeeInvis .    a - +2 whip of the Shore {freeze, rC+ Will+ Dex-3}
rCold   + . .      Faith    .    (no shield)
rNeg    + . .      Spirit   +    (helmet restricted)
rPois   .          Reflect  .    o - amulet of guardian spirit
rElec   .          Rampage  .    q - ring of flight
rCorr   .                        s - ring of positive energy
Will    +....                    (no ring)
Stlth   +++                      (no ring)
HPRegen 0.24/turn                (no ring)
MPRegen 0.10/turn                (no ring)
                                 (no ring)
                                 (no ring)

@: flying
A: almost no armour, amphibious, 8 rings, camouflage 1, gelatinous body 1,
(nimble swimmer 1), tentacles
a: no special abilities


You were on level 4 of the Dungeon.
You visited 1 branch of the dungeon, and saw 4 of its levels.

You collected 168 gold pieces.

Inventory:

Hand Weapons
 a - the +2 whip of the Shore (weapon) {freeze, rC+ Will+ Dex-3}
   (You found it on level 3 of the Dungeon)

   Dex:       It affects your dexterity (-3).
   rC:        It protects you from cold.
   Will:      It increases your willpower.
 b - the +2 whip of the Wizarding Seeker {holy, rElec rN+ Will++}
   (You found it on level 3 of the Dungeon)

   rElec:     It insulates you from electricity.
   rN:        It protects you from negative energy.
   Will:      It greatly increases your willpower.
 k - a +0 great sword
 u - a +0 hand axe
Missiles
 c - 7 boomerangs of dispersal (quivered)
 g - 9 poisoned darts
Jewellery
 o - an amulet of guardian spirit (around mantle)
 q - a ring of flight (left tentacle)
 s - a ring of positive energy (right tentacle)
Wands
 m - a wand of charming (4)
Scrolls
 d - a scroll of vulnerability {unknown}
 h - a scroll of enchant armour {unknown}
 j - 3 scrolls of identify {unknown}
 r - a scroll of silence {unknown}
 t - a scroll of fog {unknown}
 x - a scroll of blinking
Potions
 e - a potion of attraction {unknown}
 f - a potion of heal wounds {unknown}
 i - a potion of invisibility {unknown}
 l - a potion of curing {unknown}
 n - 2 potions of flight {unknown}
 p - a potion of resistance {unknown}
 v - a potion of berserk rage {unknown}
 w - a potion of ambrosia {unknown}


   Skills:
 + Level 2.2 Fighting
 + Level 2.9 Axes
 + Level 1.0 Throwing
 + Level 2.6 Dodging
 + Level 2.6 Stealth
 + Level 2.0 Spellcasting
 * Level 4.1 Translocations


You had 3 spell levels left.
You knew the following spells:

 Your Spells              Type           Power      Damage    Failure   Level
a - Blink                 Tloc           26%        N/A       6%          2
b - Lesser Beckoning      Tloc           26%        N/A       6%          2

Your spell library contained the following spells:

 Spells                   Type           Power      Damage    Failure   Level
 Teleport Other           Tloc           13%        N/A       12%         3
 Shock                    Conj/Air       4%         1d3       22%         1
 Vhi's Electric Charge    Tloc/Air       14%        N/A       28%         3
 Volatile Blastmotes      Fire/Tloc      14%        2d11      28%         3
 Dazzling Flash           Conj/Hex       2%         N/A       54%         3
 Swiftness                Air            1%         N/A       54%         3
 Manifold Assault         Tloc           13%        N/A       38%         4
 Iskenderun's Mystic Bla  Conj/Tloc      7%         2d4       67%         4
 Airstrike                Air            0%         2d(1-17)  91%         4
 Starburst                Conj/Fire      0%         6d3       100%        6


Dungeon Overview and Level Annotations

Branches:
Dungeon (4/15)
 Temple: D:4-7

Altars:

Shops:
D:3 =


Innate Abilities, Weirdness & Mutations

You cannot wear most types of armour.
You are amphibious.
You can wear up to eight rings at the same time.
Your skin changes colour to match your surroundings (Stealth+).
Your rubbery body absorbs attacks. (AC +1, EV +1)
((You are camouflaged when in or above water. (Stealth+)))
You have tentacles for arms and can constrict up to eight enemies at once.


Message History

Things that are here:
a +0 mace; a +0 leather armour The orc shouts!
You hit the orc. You freeze the orc.
You kill the orc!
You hear a shout!
Things that are here:
a +0 trident; a +0 leather armour; an orc corpse You barely miss the orc.
You grab the orc. You tentacle-slap the orc. You squeeze the orc!
You kill the orc!
The orc throws a boomerang.
The boomerang barely misses you. The orc hits you with a +0 whip.
You see here a +0 club.
You are too injured to fight recklessly!
You are too injured to fight recklessly!
You are too injured to fight recklessly!
You are too injured to fight recklessly!
You hit the orc. You freeze the orc. Your grab misses the orc.
The orc is moderately wounded.
The orc hits you with a +0 whip. The orc misses you.
You hit the orc. You freeze the orc. Your grab misses the orc.
The orc is heavily wounded.
The orc hits you with a +0 whip.
* * * LOW HITPOINT WARNING * * *
The orc barely misses you.
You barely miss the orc. Your grab misses the orc.
The orc is heavily wounded.
The orc barely misses you. The orc hits you but does no damage.
You closely miss the orc. Your grab misses the orc.
The orc is moderately wounded.
The orc closely misses you. The orc hits you with a +0 short sword.
* * * LOW HITPOINT WARNING * * *
Okay, then.
You hit the orc. You freeze the orc. You grab the orc.
You tentacle-slap the orc, but do no damage.
The orc is severely wounded.
You constrict the orc, but do no damage.
The orc hits you with a +0 whip!
You die...

#.#... ##.#..# .#.#..#
..... .... #..# #oo# .#
#######@.#####..###
............... ...
.......)#######.... #
...####.).......##. #
##..........####
#.#####
.......###....###..#...
######.........###....#
#.#######......... #.#
#.†...).#.


You could see 2 orcs.

Vanquished Creatures
  3 adders
  6 dart slugs
  4 orcs (D:4)
  8 ball pythons
  7 bats
  3 endoplasms
  3 giant cockroaches
  6 goblins
  9 hobgoblins
  2 jackals (D:3)
  A quokka (D:1)
  3 frilled lizards
  3 kobolds
  6 rats
64 creatures vanquished.

Notes
Turn   | Place    | Note
-------+----------+-------------------------------------------
     0 | D:1      | jimonade the Octopode Warper began the quest for the Orb.
     0 | D:1      | Reached XP level 1. HP: 14/14 MP: 3/3
   157 | D:1      | Reached XP level 2. HP: 19/19 MP: 5/5
   396 | D:1      | Reached XP level 3. HP: 24/24 MP: 6/6
   566 | D:1      | Reached skill level 1 in Stealth
   949 | D:2      | Learned a level 2 spell: Blink
   952 | D:2      | Learned a level 2 spell: Lesser Beckoning
  1231 | D:2      | Reached XP level 4. HP: 29/29 MP: 7/7
  1589 | D:3      | Found Noemouny's Jewellery Emporium.
  1705 | D:3      | Identified the +2 whip of the Wizarding Seeker {holy, rElec
                  | rN+ Will++}
  1881 | D:3      | Reached skill level 4 in Translocations
  2076 | D:3      | Found a faded altar of an unknown god.
  2427 | D:3      | Identified the +2 whip of the Shore {freeze, rC+ Will+
                  | Dex-3}
  2557 | D:4      | Slain by an orc

Illustrated notes

Levels and vault maps discovered:
D:1:      elethiomel_arrival_infinity_welcomes_careful_drivers,
          layout_loops_ring, minmay_fountain_box
D:2:      layout_basic, kennysheep_generic_room_7
D:3:      minmay_inner_zag, layout_loops_corners, serial_shops,
          nicolae_shop_waterfront, serial_glass, glass_columns_b,
          glass_columns_b, basic_ecumenical_altar, minivault_5, corner_web_ring
D:4:      layout_rooms, hellmonk_ghost_happy_afterlife, serial_shops,
          nicolae_shop_statue_plus, uniq_ijyb

Skill      XL: |  1  2  3  4 |
---------------+-------------+-----
Stealth        | 1 2 |  2.6
Translocations | 4 |  4.1
Fighting       | |  2.2
Axes           | |  2.9
Throwing       | |  1.0
Dodging        | |  2.6
Spellcasting   | |  2.0

Action                     |  1- 3 |  4- 6 || total
---------------------------+-------+-------++-------
  Melee: Hand axe          |    62 |    23 ||    85
         Constrict         |    19 |    15 ||    34
         Tentacles         |     8 |     9 ||    17
         Whip              |       |    33 ||    33
         Punch             |       |     3 ||     3
   Stab: Sleeping          |    13 |     7 ||    20
 Armour: Skin              |     8 |     6 ||    14
  Dodge: Dodged            |    40 |    28 ||    68

Table legend: (Time is in decaauts)
 A = Elapsed time spent in this place.
 B = Non-inter-level travel time spent in this place.
 C = Inter-level travel time spent in this place.
 D = Time resting spent in this place.
 E = Time spent auto-exploring this place.
 F = Levels seen in this place.
 G = Mean time per level.
                   A        B        C        D        E       F      G
               +--------+--------+--------+--------+--------+-----+--------+
         Total |   2568 |   2489 |     79 |      0 |   2023 |   4 |  642.0 |
       Dungeon |   2568 |   2489 |     79 |      0 |   2023 |   4 |  642.0 |
               +--------+--------+--------+--------+--------+-----+--------+

Top non-repeatable levels by time:
     D:3: 1170 daAuts
     D:1: 701 daAuts
     D:2: 611 daAuts
     D:4: 85 daAuts
